 Dungeon Crawl Stone Soup version 0.20.1-1-g8b1a95d66d (webtiles) character file.

119 Hvezdomuz the Cudgeler (level 5, -4/31 HPs)
             Began as a Tengu Skald on Dec 3, 2017.
             Slain by vlindergert's ghost (7 damage)
             ... on level 3 of the Dungeon.
             The game lasted 00:13:30 (2246 turns).

Hvezdomuz the Cudgeler (Tengu Skald)                Turns: 2246, Time: 00:13:30

Health: -4/31      AC:  3    Str: 11    XL:     5   Next: 3%
Magic:  4/9        EV: 12    Int: 14    God:
Gold:   141        SH:  0    Dex: 14    Spells: 4/9 levels left

rFire    . . .     SeeInvis .   a - +0 mace
rCold    . . .     Gourm    .   (no shield)
rNeg     . . .     Faith    .   b - +0 leather armour
rPois    .         Spirit   .   (helmet restricted)
rElec    .         Reflect  .   (no cloak)
rCorr    .         Harm     .   (no gloves)
MR       .....                  (boots unavailable)
Stlth    +.........             (no amulet)
Regen    0.1/turn               (no ring)
MPRegen  0.2/turn               (no ring)

@: shrouded, infused, very slightly contaminated
A: beak, talons 3, able to fly 1
a: Fly


You were on level 3 of the Dungeon.
You were not hungry.

You visited 1 branch of the dungeon, and saw 3 of its levels.

You collected 141 gold pieces.

Inventory:

Hand Weapons
 a - a +0 mace (weapon)
 j - a +2 dagger of draining
Armour
 b - a +0 leather armour (worn)
 e - a +2 shield
 p - a +1 shield of protection
Jewellery
 g - an uncursed ring of wizardry {unknown}
 s - an uncursed ring of ice {unknown}
Scrolls
 f - 3 scrolls of teleportation {unknown}
 h - 2 scrolls of recharging {unknown}
 o - 2 scrolls of identify {unknown}
 q - a scroll of random uselessness {unknown}
 r - a scroll of fear {unknown}
Potions
 l - a potion of invisibility {unknown}
 m - a potion of lignification {unknown}
 n - 2 potions of curing {unknown}
Books
 c - a book of Battle

   Spells                             Type                      Level
   a - Infusion                       Charms                       1
   b - Shroud of Golubria             Charms/Translocation         2
   c - Song of Slaying                Charms                       2
   d - Spectral Weapon                Hexes/Charms                 3
   e - Regeneration                   Charms/Necromancy            3
Comestibles
 d - 3 bread rations
 i - 4 fruits
 k - 2 meat rations


   Skills:
 + Level 2.6 Fighting
 + Level 3.2 Maces & Flails
 + Level 1.7 Armour
 + Level 2.9 Dodging
 + Level 0.2 Stealth
 + Level 2.5 Spellcasting
 + Level 3.0 Charms


You had 4 spell levels left.
You knew the following spells:

 Your Spells              Type           Power        Failure   Level  Hunger
a - Infusion              Chrm           ##..         9%          1    #......
b - Shroud of Golubria    Chrm/Tloc      #.........   24%         2    ###....
c - Song of Slaying       Chrm           ##......     13%         2    ###....


Dungeon Overview and Level Annotations

Branches:
Dungeon (3/15)

Altars:
Ashenzari
Hepliaklqana
Sif Muna
Trog

Annotations:
D:3 vlindergert's ghost, amateur MiFi


Innate Abilities, Weirdness & Mutations

You have a beak for a mouth.
You have claws for feet.
You can fly.


Message History

Casting: Shroud of Golubria
Confirm with . or Enter, or press ? or * to list all spells.
Space distorts slightly along a thin shroud covering your body.
Vlindergert's ghost hits you but does no damage.
Casting: Shroud of Golubria
Confirm with . or Enter, or press ? or * to list all spells.
You begin infusing your attacks with magical energy.
Vlindergert's ghost hits you but does no damage.
Your shroud bends the goblin's attack away.
You struggle against the net.
Vlindergert's ghost hits you! The goblin hits you with a club.
You struggle against the net.
Vlindergert's ghost barely misses you.
You struggle against the net.
The goblin barely misses you.
Vlindergert's ghost hits you but does no damage.
Okay, then.
You rip the net and break free!
The goblin hits you but does no damage. Vlindergert's ghost hits you!
* * * LOW HITPOINT WARNING * * *
The goblin hits you but does no damage. Vlindergert's ghost hits you!
You die...

### .. #.### #.. #...#
####... #.#.# .....#
#...# .....# ##..#
##.....#
##..###.g....#g.
##.....W@.....#.
#...#..##.......
########...##.##.....##
#....................#
#.........#......#...#
#....รท.......###.#..##
##.............##(<...#
...###............##..#
#### #..........## .#


You could see vlindergert's ghost and a goblin.

Vanquished Creatures
  3 adders
  An ooze (D:1)
  4 worms (D:2)
  3 dart slugs
  3 leopard geckos
  An orc (D:3)
  3 ball pythons
  3 giant cockroaches
  5 goblins
  11 hobgoblins
  3 jackals (D:2)
  4 kobolds
  7 bats
  4 frilled lizards
  9 rats
64 creatures vanquished.

Notes
Turn   | Place    | Note
-------+----------+-------------------------------------------
     0 | D:1      | Hvezdomuz the Tengu Skald began the quest for the Orb.
     0 | D:1      | Reached XP level 1. HP: 12/12 MP: 4/4
    83 | D:1      | Reached XP level 2. HP: 16/17 MP: 3/6
   353 | D:1      | Reached XP level 3. HP: 20/21 MP: 4/7
   359 | D:1      | Learned a level 2 spell: Shroud of Golubria
   362 | D:1      | Learned a level 2 spell: Song of Slaying
   893 | D:2      | Reached XP level 4. HP: 19/27 MP: 6/8
  1267 | D:2      | Noticed a moth of wrath
  1270 | D:2      | Found a bloodstained altar of Trog.
  1579 | D:2      | Found a shattered altar of Ashenzari.
  1786 | D:2      | Found a hazy altar of Hepliaklqana.
  1916 | D:2      | Found a deep blue altar of Sif Muna.
  1986 | D:3      | Noticed vlindergert's ghost (amateur MiFi)
  2158 | D:3      | Gained mutation: You can fly. [Tengu growth]
  2158 | D:3      | Reached XP level 5. HP: 26/31 MP: 9/9
  2246 | D:3      | Slain by vlindergert's ghost

Skill      XL: |  1  2  3  4 |
---------------+-------------+-----
Maces & Flails | 3 |  3.2
Charms         | 3 |  3.0
Fighting       | |  2.6
Armour         | |  1.7
Dodging        | |  2.9
Stealth        | |  0.2
Spellcasting   | |  2.5

Action                   |  1- 3 |  4- 6 || total
-------------------------+-------+-------++-------
Melee: Mace              |    69 |    81 ||   150
       Kick              |    15 |    11 ||    26
       Peck              |     9 |     4 ||    13
 Cast: Infusion          |    10 |     7 ||    17
       Shroud of Golubri |     1 |     1 ||     2
       Song of Slaying   |       |     1 ||     1
  Use: Potion            |     1 |       ||     1
 Stab: Sleeping          |     1 |     1 ||     2
  Eat: Chunk             |       |     5 ||     5
Armor: Leather armour    |     7 |    26 ||    33
Dodge: Dodged            |    49 |    74 ||   123
